 Dungeon Sprint DCSS version 0.18-a0-1358-gd0e7041 (webtiles) character file.

78 Reinor the Covert (level 4, -4/24 HPs)
             Began as a Spriggan Assassin on Feb 20, 2016.
             Slain by a water elemental (6 damage)
             ... in the Dungeon (Sprint III: "The Ten Rune Challenge").
             The game lasted 00:01:55 (530 turns).

Reinor the Covert (Spriggan Assassin)                Turns: 530, Time: 00:01:55

Health: -4/24      AC:  3    Str:  9    XL:     4   Next: 15%
Magic:  5/5        EV: 17    Int: 14    God:
Gold:   31         SH:  0    Dex: 18    Spells: 0 memorised, 3 levels left

rFire  + + .     SeeInvis +     a - +2 dagger
rCold  + . .     Gourm    .     n - +0 robe {rC+ rF+}
rNeg   . . .     Faith    .     (shield restricted)
rPois  .         Spirit   .     (helmet restricted)
rElec  .         Dismiss  .     d - +0 cloak
rCorr  .         Reflect  .     (gloves unavailable)
SustAt .         Harm     .     (boots unavailable)
MR     .....     Rnd*Rage +     (no amulet)
Stlth  +++++..... NoTele   +    (no ring)
                                (no ring)

@: very quick, not resistant to hostile enchantments, quite stealthy
A: unfitting armour, see invisible, berserk 1, clever 1, fire resistance 1,
herbivore 3, speed 3, robust 1, slow metabolism 2, strong 1
a: no special abilities


You were in the Dungeon.
You were not hungry.

You visited 1 branch You collected 31 gold pieces.

Inventory:

Hand Weapons
 a - a +2 dagger (weapon)
 b - a +0 blowgun
Missiles
 e - 8 poisoned needles
 f - 2 curare-tipped needles
Armour
 d - a +0 cloak (worn)
 n - a +0 robe of resistance (worn)
Scrolls
 m - a scroll of blinking
 o - a scroll of torment {unknown}
 q - 2 scrolls of remove curse
 t - a scroll of holy word {unknown}
 u - a scroll of magic mapping {unknown}
Potions
 h - a potion of curing
 i - a potion of heal wounds
 j - 2 potions of haste
 k - 2 potions of magic
 l - 2 potions of berserk rage
 s - a potion of agility
 v - a potion of cure mutation
Comestibles
 g - a bread ration
 r - 4 fruits


   Skills:
 - Level 1.5 Fighting
 + Level 6.7 Short Blades
 - Level 2.0 Throwing
 - Level 1.5 Dodging
 + Level 10.6 Stealth


You had 3 spell levels left.
You didn't know any spells.

Dungeon Overview and Level Annotations

Branches:
Dungeon (1/1)

Altars:


Innate Abilities, Weirdness & Mutations

You are tiny and cannot use many weapons and most armour.
You have supernaturally acute eyesight.
You are an herbivore.
You cover ground extremely quickly.
You need consume almost no food.
You tend to lose your temper in combat.
Your mind is acute. (Int +2)
Your flesh is heat resistant.
You are robust (+10% HP).
Your muscles are strong. (Str +2)


Message History

Unknown command.
Drink which item? (? for menu, Esc to quit)
You feel much better. The water elemental barely misses you.
You hit the water elemental but do no damage.
The water elemental is lightly damaged.
The water elemental hits you!!
Ouch! That really hurt!
* * * LOW HITPOINT WARNING * * *
The water elemental engulfs you in water!
With effort, you pull free of the water engulfing you.
You gasp with relief as air once again reaches your lungs.
You closely miss the water elemental.
The water elemental is lightly damaged.
You hit the water elemental but do no damage.
The water elemental is lightly damaged.
The water elemental closely misses you.
You barely miss the water elemental.
The water elemental is lightly damaged.
The water elemental hits you.
You die...

▓▓▓▓▓▓▓▓▓ ▓▓▓ ▓<..#)..####
##.# ▓...#......#####..#
▓..##.......#%.#..#
▓##.##.##...#..#..###+#+##
##.##.###..##'#..#.......
▓#.####.##..###...'.⌠.....
▓.###..##.[####...#...####
▓#.....##..###.@E.#.⌠.#
###..##...##.....#...#
##..##....#.÷....#+###
#..###..##.#..)..# #).#
#..#####....# ▓▓▓▓ ▓▓▓▓
▓▓▓▓▓▓


You could see a water elemental.

Vanquished Creatures
  Crazy Yiuf (D)
  Jessica (D)
  A human (D)
  An ooze (D)
  2 rats (D)
6 creatures vanquished.

Vanquished Creatures (others)
  2 draconian scorchers (D)
2 creatures vanquished.

Grand Total: 8 creatures vanquished

Notes
Turn   | Place    | Note
--------------------------------------------------------------
     0 | D        | Reinor the Spriggan Assassin began the quest for the Orb.
     0 | D        | Reached XP level 1. HP: 10/10 MP: 2/2
     9 | D        | Reached skill level 6 in Stealth
    24 | D        | Noticed Jessica
    37 | D        | Killed Jessica
    37 | D        | Reached skill level 5 in Short Blades
    37 | D        | Reached skill level 8 in Stealth
    37 | D        | Reached XP level 2. HP: 11/14 MP: 3/3
    37 | D        | Reached XP level 3. HP: 14/18 MP: 4/4
    61 | D        | Noticed Crazy Yiuf
    64 | D        | Killed Crazy Yiuf
    64 | D        | Reached skill level 10 in Stealth
   107 | D        | Reached XP level 4. HP: 2/22 MP: 5/5
   261 | D        | Killed a white draconian scorcher
   288 | D        | Killed a white draconian scorcher
   504 | D        | Gained mutation: Your flesh is heat resistant. [potion of mutation]
   504 | D        | Gained mutation: Your mind is acute. (Int +2) [potion of mutation]
   505 | D        | Gained mutation: You are robust (+10% HP). [potion of mutation]
   505 | D        | Gained mutation: You tend to lose your temper in combat. [potion of mutation]
   505 | D        | Gained mutation: Your muscles are strong. (Str +2) [potion of mutation]
   514 | D        | Noticed a water elemental
   530 | D        | Slain by a water elemental

Vault maps used:
D:        dungeon_sprint_mu

Action                   |  1- 3 |  4- 6 || total
-------------------------+-------+-------++-------
Melee: Dagger            |    52 |    11 ||    63
  Use: Scroll            |       |     3 ||     3
       Potion            |       |     3 ||     3
 Stab: Sleeping          |     4 |       ||     4
